 Dungeon Crawl Stone Soup version 0.17.0-24-gcfadda4 (webtiles) character file.

13689460 Shiisan the Merfolkian Porcupine (level 27, 179/246 (249) HPs)
             Began as a Merfolk Gladiator on Nov 13, 2015.
             Was a High Priest of Qazlal.
             Escaped with the Orb
             ... and 15 runes on Nov 16, 2015!
             The game lasted 11:47:43 (117922 turns).

Shiisan the Merfolkian Porcupine (MfGl)           Turns: 117922, Time: 11:47:44

HP:   179/246 (249) AC: 57    Str: 28    XL:     27
MP:   46/54         EV: 27    Int: 18    God:    Qazlal [*****.]
Gold: 15301         SH: 42    Dex: 16    Spells: 10 memorised, 36 levels left

rFire  . . .     SeeInvis +     h - +9 demon trident (flame)
rCold  + + .     Clarity  +     y - +8 orange crystal plate armour {Archmagi, Int+3 Clar SustAt}
rNeg   + + +     SustAt   +     M - +18 shield of the gong {rElec rN+ MR+ EV-5}
rPois  ∞         Gourm    .     L - +0 hat {MR+}
rElec  +         Spirit   .     I - +2 cloak of Starlight {rElec rC+ EV+4 Stlth--}
rCorr  .         Warding  .     v - +2 pair of gloves "Leemoy" {rN+}
rMut   .         Stasis   .     J - +2 pair of boots of the Swan {*Drain rElec SInv}
MR     +++++                    g - amulet of the Prince {MR+ Regen+}
Stlth  ..........               c - ring "Osuorhod" {rN+ Slay+4}
                                C - ring of Koibuimp {MR+ Str+2 Int+7 SInv}

@: lich-form, phasing, shrouded, repel missiles, almost entirely resistant to
hostile enchantments, extremely unstealthy
A: (change form in water), (swift swim)
a: End Transformation, Upheaval, Elemental Force, Disaster Area, Renounce
Religion
0: Orb of Zot
}: 15/15 runes: decaying, slimy, silver, golden, iron, obsidian, icy, bone,
abyssal, demonic, glowing, magical, fiery, dark, gossamer


You escaped.
You worshipped Qazlal.
Qazlal was extremely pleased with you.
You were not hungry.
You were a lich.
You visited 18 branches of the dungeon, and saw 95 of its levels.
You visited Pandemonium 2 times, and saw 26 of its levels.
You visited the Abyss 2 times.
You visited 3 ziggurats, and saw 28 of their levels (deepest: 11).
You also visited: Labyrinth, Trove, Bailey and Ice Cave.

You collected 18810 gold pieces.
You spent 3509 gold pieces at shops.

Inventory:

Hand Weapons
 h - a +9 demon trident of flaming (weapon)
 T - a +9 demon trident of pain
Missiles
 a - 23 javelins of penetration
 l - 22 javelins
 s - 12 steel javelins (quivered)
 X - 3 silver javelins
Armour
 v - the +2 pair of gloves "Leemoy" (worn) {rN+}
   (You bought it in a shop on level 3 of the Vaults)

   It protects you from negative energy.
 y - the +8 orange crystal plate armour (worn) {Archmagi, Int+3 Clar SustAt}
   (You acquired it on level 3 of the Elven Halls)

   It affects your intelligence (+3).
   It sustains your strength, intelligence and dexterity.
   It protects you against confusion.
 I - the +2 cloak of Starlight (worn) {rElec rC+ EV+4 Stlth--}
   (You acquired it on level 3 of the Elven Halls)

   It affects your evasion (+4).
   It protects you from cold.
   It insulates you from electricity.
   It makes you much less stealthy.
 J - the +2 pair of boots of the Swan (worn) {*Drain rElec SInv}
   (You found it on level 3 of the Vaults)

   It insulates you from electricity.
   It lets you see invisible.
   It causes draining when unequipped.
 L - a +0 hat of magic resistance (worn)
 M - the +18 shield of the gong (worn) {rElec rN+ MR+ EV-5}
   (You found it on level 5 of the Vaults)

   It affects your evasion (-5).
   It insulates you from electricity.
   It protects you from negative energy.
   It affects your resistance to hostile enchantments.
Jewellery
 c - the ring "Osuorhod" (right hand) {rN+ Slay+4}
   (You found it on level 3 of the Crypt)

   [ring of positive energy]

   It affects your accuracy and damage with ranged weapons and melee attacks
   (+4).
   It protects you from negative energy.
 g - the amulet of the Prince (around neck) {MR+ Regen+}
   (You found it in Pandemonium)

   [amulet of regeneration]

   It affects your resistance to hostile enchantments.
   It increases your rate of regeneration.
 C - the ring of Koibuimp (left hand) {MR+ Str+2 Int+7 SInv}
   (You found it on level 4 of the Spider Nest)

   [ring of see invisible]

   It affects your strength (+2).
   It affects your intelligence (+7).
   It affects your resistance to hostile enchantments.
   It lets you see invisible.
 H - an uncursed ring of flight
 N - the amulet of Guar {Ward rF+ rN+}
   (You found it on level 5 of a ziggurat)

   [amulet of warding]

   It may prevent the melee attacks of summoned creatures.
   It protects you from fire.
   It protects you from negative energy.
 Q - an uncursed amulet of resist mutation
Wands
 n - a wand of invisibility (9)
 z - a wand of teleportation (3)
 O - a wand of digging (1)
 P - a wand of heal wounds (2)
Scrolls
 b - 2 scrolls of amnesia
 d - 4 scrolls of holy word
 f - 13 scrolls of teleportation
 j - 6 scrolls of enchant weapon
 k - 16 scrolls of immolation
 o - 6 scrolls of enchant armour
 p - 3 scrolls of recharging
 r - 6 scrolls of blinking
 w - 53 scrolls of remove curse
 x - 9 scrolls of identify
 K - 13 scrolls of fear
 U - 2 scrolls of magic mapping
 V - 17 scrolls of fog
Potions
 e - 6 potions of flight
 i - 26 potions of curing
 q - a potion of cure mutation
 A - 3 potions of cancellation
 B - 10 potions of heal wounds
 E - 2 potions of might
 F - 6 potions of lignification
 G - a potion of berserk rage
 R - 5 potions of resistance
 S - 9 potions of brilliance
Comestibles
 m - 26 bread rations
 D - a meat ration


   Skills:
 O Level 27 Fighting
 O Level 27 Polearms
 - Level 2.0 Throwing
 O Level 27 Armour
 - Level 24.0 Dodging
 + Level 21.7 Shields
 O Level 27 Spellcasting
 - Level 6.0 Hexes
 - Level 19.4 Charms
 - Level 23.1 Necromancy
 - Level 11.0 Translocations
 - Level 26.0 Transmutations
 - Level 18.0 Invocations


You had 36 spell levels left.
You knew the following spells:

 Your Spells              Type           Power        Failure   Level  Hunger
a - Spectral Weapon       Hex/Chrm       #######.     1%          3    N/A
b - Regeneration          Chrm/Necr      ########..   0%          3    N/A
c - Shroud of Golubria    Chrm/Tloc      #######...   1%          2    N/A
d - Necromutation         Trmt/Necr      ########..   6%          8    N/A
e - Ring of Flames        Chrm/Fire      ######....   97%         7    N/A
f - Apportation           Tloc           #######...   1%          1    N/A
g - Aura of Abjuration    Summ           #####.....   99%         5    N/A
h - Controlled Blink      Tloc           N/A          100%        8    N/A
i - Swiftness             Chrm/Air       ######..     1%          2    N/A
j - Phase Shift           Tloc           #######...   2%          5    N/A

Dungeon Overview and Level Annotations

Branches:
Dungeon (15/15)            Temple (1/1) D:5            Lair (8/8) D:10
  Swamp (4/4) Lair:6       Spider (4/4) Lair:4        Slime (6/6) Lair:7
    Orc (4/4) D:10            Elf (3/3) Orc:3        Vaults (5/5) D:13
  Crypt (3/3) Vaults:3       Tomb (3/3) Crypt:3      Depths (5/5) D:15
   Hell (1/1)                 Dis (7/7) Hell            Geh (7/7) Hell
    Coc (7/7) Hell            Tar (7/7) Hell            Zot (5/5) Depths:5

Altars:
Ashenzari
Cheibriados
Dithmenos
Elyvilon
Fedhas
Gozag
Kikubaaqudgha
Makhleb
Nemelex Xobeh
Okawaru
Qazlal
Ru
Sif Muna
Trog
Vehumet
Xom
Yredelemnul
The Shining One
Beogh

Shops:
D:15 =   Orc:1 }   Orc:3 *   Orc:4 [*(!%(   Elf:2 [   Vaults:2 [   Vaults:3 *
Vaults:4 (   Vaults:5 !

Portals:
Hell: Lair:8 Depths:1 Depths:2 Depths:3 Depths:4 Depths:5
Abyss: Depths:1 Depths:4
Pandemonium: Depths:3

Annotations:
D:3 Sigmund
Depths:2 2 runed doors
Coc:7 exclusion: 2 ice statues, Antaeus


Message History

GONNNNG!
You puncture Mageac! You burn Mageac.
You kill Mageac!
Qazlal accepts your kill.
The four-headed hydra disappears in a puff of smoke!
No target in view!
No target in view!
There is an open door here.
There is a dry fountain here.
There is an open door here.
There is an open door here.
There is a staircase leading out of the dungeon here.
Unknown command.
Unknown command.
Saving game... please wait.
Welcome back, Shiisan the Merfolk Gladiator.
Qazlal says: Let the forces of nature tear it all down!
Press ? for a list of commands and other information.
You can't go down here!
You have escaped!

#.# #.....# #.# #####.#
#################'##
#...#...#...#...#(.##
#...'...'...'...'...##
#...#...#...#...#§...##
##'###########'##.....#
#...#...#...#...#.....+
#...#§L§'...#.⌠.#.....#
#...#...#...#.§.#....##
######'#######'##...##
#...#...#...#...#..##
#...#...'.⌠.'...#'##
#...#...#...#...#.#
##'###########'##.#
#...#...#...#...#.#####
#.⌠.'...'...'...#.....#


There were no monsters in sight!

Vanquished Creatures
  Cerebov (Pan)
  Asmodeus (Geh:7)
  the royal jelly (Slime:6)
  Ereshkigal (Tar:7)
  Gloorx Vloq (Pan)
  the Serpent of Hell (Dis:7)
  A seraph (Pan)
  Mnoleg (Pan)
  Lom Lobon (Pan)
  8 ancient liches
  Dispater (Dis:7)
  3 orbs of fire (Zot:5)
  Mara (Crypt:2)
  3 juggernauts
  The ghost of puimuR the Executioner, a legendary DsSk of Makhleb (Pan)
  33 greater mummies
  Frederick (Depths:2)
  the Lernaean hydra (Swamp:4)
  9 shard shrikes
  3 curse toes
  6 Killer Klowns
  Geryon (Hell)
  19 pandemonium lords
  7 golden dragons
  3 profane servitors
  4 pearl dragons
  14 bone dragons
  4 electric golems
  27 Brimstone Fiends
  23 Ice Fiends
  19 tentacled monstrosities
  Rupert (Lair:4)
  12 liches
  4 hellephants
  6 titans
  33 Orb Guardians
  21 Hell Sentinels
  5 quicksilver dragons
  3 deep elf blademasters
  39 Shadow Fiends
  19 acid blobs
  31 Executioners
  2 deep elf master archers (Elf:3)
  13 sphinxes
  9 death cobs
  17 tentacled starspawn
  A thorn hunter (Swamp:2)
  14 ancient champions
  An eldritch tentacle (Coc:7)
  22 shadow dragons
  22 storm dragons
  A shadow dragon (shapeshifter) (Zig:8)
  7 tengu reavers
  14 fire giants
  14 daevas
  10 revenants
  3 draconian monks
  11 corrupters (Pan)
  Wiglaf (Depths:2)
  15 deep elf sorcerers
  Donald (Orc:4)
  15 ghost moths
  3 draconian scorchers
  9 iron dragons
  Maud (Orc:4)
  6 draconian knights
  3 draconian shifters
  20 vault wardens
  48 balrugs
  2 orc warlords
  29 cacodemons
  8 draconian zealots
  19 frost giants
  14 azure jellies
  3 curse skulls
  A juggernaut zombie (Zig:7)
  30 angels
  5 emperor scorpions
  7 warmongers (Pan)
  5 draconian annihilators
  7 ghouls
  17 ironheart preservers
  25 very ugly things
  19 war gargoyles
  13 blood saints (Pan)
  59 reapers
  2 spriggan defenders
  6 vampire knights
  6 elemental wellsprings
  6 green draconians
  3 draconian callers
  21 ophanim
  37 apis
  Nessos (Lair:7)
  24 stone giants
  15 deep elf annihilators
  8 bennus
  7 salamander firebrands
  18 deep elf demonologists
  6 black draconians
  11 purple draconians
  A dire elephant (shapeshifter) (Vaults:3)
  11 red draconians
  11 black suns (Pan)
  5 salamander stormcallers
  7 white draconians
  8 yellow draconians
  21 lorocyprocas
  11 mottled draconians
  6 eidola
  5 dire elephants
  13 chaos champions
  35 green deaths
  6 deep elf death magi
  Snorg (D:10)
  2 merfolk javelineers
  7 quicksilver dragon zombies
  34 blizzard demons
  10 death oozes
  Erolcha (D:9)
  43 vault guards
  7 entropy weavers
  24 ettins
  A minotaur (Lab)
  18 mummy priests
  Josephine (Lair:5)
  29 fire dragons
  20 great orbs of eyes
  3 kraken zombies
  21 jiangshi
  3 quicksilver dragon skeletons
  7 deep elf high priests
  5 death knights
  4 ghost crabs
  34 ice dragons
  2 naga warriors (Abyss:2)
  16 yaktaur captains
  7 hell beasts
  28 monstrous demonspawn (Pan)
  An anaconda (Depths:4)
  3 catoblepae
  An alligator (shapeshifter) (Depths:2)
  8 statues (Depths:2)
  13 ogre magi
  6 spriggan air magi
  11 rakshasas
  32 hydras
  13 dancing weapons
  7 centaur warriors
  7 deep troll shamans
  A satyr (Zig:6)
  2 merfolk aquamancers (Zig:6)
  10 death yaks
  4 tengu warriors
  4 vampire magi
  31 thrashing horrors
  3 titan zombies
  6 alligators
  3 shock serpents (Pan)
  11 deep troll earth magi
  4 spriggan berserkers (Depths:3)
  6 holy swine (Pan)
  5 storm dragon zombies
  Sonja (Lair:4)
  A naga sharpshooter (Zig:5)
  2 iron golems
  26 hell hogs
  8 titan skeletons
  97 sun demons
  3 fire crabs
  23 wretched stars
  30 deep elf knights
  5 iron trolls
  2 salamander mystics (Geh:5)
  77 soul eaters
  32 death scarabs
  19 cherubim
  133 skeletal warriors
  3 unseen horrors
  8 storm dragon skeletons
  28 flayed ghosts
  28 shadow wraiths
  13 anaconda zombies
  4 ball lightnings (Pan)
  A fire crab (shapeshifter) (Vaults:1)
  6 spatial maelstroms
  5 golden dragon zombies
  49 hell knights
  2 spriggan druids
  40 deep trolls
  10 gelid demonspawn (Pan)
  10 swamp dragons
  A ghost moth zombie (Dis:7)
  24 shadow demons
  6 deep elf summoners
  77 ice devils
  5 shambling mangroves
  3 giant orange brains
  13 infernal demonspawn (Pan)
  14 orc knights
  3 obsidian statues
  An orange crystal statue (Crypt:2)
  26 phantasmal warriors
  77 starcursed masses
  4 golden dragon skeletons
  6 shadow dragon zombies
  12 anaconda skeletons
  32 anubis guards
  13 hill giants
  3 lindwurms
  32 deep elf conjurers
  20 necromancers
  10 wizards
  2 manticores
  18 putrid demonspawn
  A mana viper (shapeshifter) (Depths:3)
  6 wolf spider zombies
  11 torturous demonspawn
  2 swamp dragons (shapeshifter)
  32 wolf spiders
  15 orb spiders
  6 iron dragon zombies
  7 frost giant zombies
  21 hornets
  4 harpies
  A hornet (shapeshifter) (Vaults:3)
  3 oklob plants (Lair:7)
  A water nymph (Zig:6)
  21 ironbrand convokers
  16 shining eyes
  A sphinx skeleton (Crypt:2)
  3 orc sorcerers
  6 stone giant zombies
  A manticore (shapeshifter) (Abyss:2)
  8 fire giant zombies
  10 griffons
  10 shadow dragon skeletons
  21 salamanders
  49 sixfirhies
  82 ugly things
  24 moths of wrath
  9 fire giant skeletons
  A siren (Zig:6)
  18 vault sentinels
  14 cyclopes
  6 iron dragon skeletons
  3 frost giant skeletons
  10 stone giant skeletons
  An octopode (shapeshifter) (Abyss:4)
  44 rust devils
  4 apocalypse crabs
  Maurice (D:8)
  2 fauns (Zig:6)
  4 centaur zombies
  4 dire elephant zombies
  3 guardian serpents
  A toenail golem (Pan)
  15 worldbinders
  57 orange demons
  A titan simulacrum (Depths:5)
  25 spiny frogs
  3 ice statues
  7 elephants
  127 smoke demons
  A naga mage (Abyss:1)
  5 torpor snails
  6 black mambas
  Psyche (D:9)
  5 dire elephant skeletons
  A shock serpent skeleton (Tar:7)
  A yellow draconian zombie (Dis:7)
  4 molten gargoyles
  4 emperor scorpion zombies
  4 catoblepas zombies
  8 eyes of devastation
  72 tormentors
  4 centaur skeletons
  A gargoyle (D:11)
  A kobold demonologist (D:15)
  69 hellwings
  8 komodo dragons
  44 yaktaurs
  A spriggan zombie (Zig:3)
  23 efreet
  37 hellions
  A red draconian zombie (Dis:7)
  36 guardian mummies
  7 harpy zombies
  111 large abominations
  2 yaktaurs (shapeshifter)
  A redback zombie (D:15)
  20 ancient zymes
  39 freezing wraiths
  43 demonic crawlers
  3 catoblepas skeletons
  24 deep elf priests
  67 red devils
  3 tengu conjurers
  A sea snake skeleton (Crypt:2)
  13 trolls
  A wind drake (Zig:2)
  3 jumping spiders (shapeshifter)
  2 raiju (shapeshifter)
  6 harpy skeletons
  16 polar bears (IceCv)
  A troll (shapeshifter) (Vaults:5)
  A wind drake (shapeshifter) (Abyss:2)
  A mottled draconian skeleton (Crypt:1)
  23 two-headed ogres
  A queen bee (Spider:2)
  13 hydra zombies
  7 fire drakes
  7 giant leeches
  51 blue devils
  2 merfolk (Zig:6)
  152 slime creatures
  9 boulder beetles
  26 blink frogs
  A golden dragon simulacrum (Zig:10)
  9 bog bodies
  A frost giant simulacrum (Abyss:2)
  7 hydra skeletons
  2 ushabtiu (Tomb:1)
  A snapping turtle (Zig:6)
  A human simulacrum (Vaults:2)
  43 raiju
  An iron dragon simulacrum (Crypt:1)
  25 jumping spiders
  7 ettin zombies
  3 fire dragon zombies
  5 ice dragon zombies
  203 flying skulls
  10 spriggans
  2 black mamba zombies
  6 alligator zombies
  A redback (shapeshifter) (Vaults:5)
  38 trapdoor spiders
  A trapdoor spider (shapeshifter) (Vaults:5)
  25 shadows
  7 air elementals
  3 ettin skeletons
  35 wraiths
  A centaur simulacrum (D:15)
  3 alligator skeletons
  The ghost of kraktruk the Thaumaturge, an amateur DECj of Vehumet (D:4)
  9 fire elementals
  A hog (D:8)
  62 redbacks
  7 fire dragon skeletons
  13 vampires
  37 deep elf magi
  7 ice dragon skeletons
  24 tarantellas
  3 wyverns
  49 ynoxinuls
  A golden eye (shapeshifter) (Zig:8)
  12 humans
  A tarantella (shapeshifter) (D:13)
  A dire elephant simulacrum (Abyss:2)
  A spriggan simulacrum (Depths:5)
  4 hippogriffs
  Eustachio (D:4)
  11 fire bats
  7 vampire mosquitoes
  68 yaks
  5 basilisks
  38 deep elf fighters
  41 chaos spawn
  5 hungry ghosts
  16 water elementals
  3 black mamba skeletons
  103 neqoxecs
  A basilisk (shapeshifter) (Elf:1)
  15 wolves
  7 wargs
  Menkaure (D:4)
  13 insubstantial wisps
  9 golden eyes
  A soldier ant (D:10)
  4 mottled dragons
  21 swamp worms
  49 hell hounds
  An orb spider zombie (Crypt:1)
  22 spatial vortices
  33 water moccasins
  2 nagas (Abyss:1)
  A gelid demonspawn skeleton (Coc:6)
  8 porcupines
  A spider (shapeshifter) (Vaults:5)
  4 sky beasts
  7 spiny frog zombies
  21 spiders
  21 wasps
  A merfolk skeleton (Coc:6)
  A sky beast (shapeshifter) (Abyss:2)
  10 swamp drakes
  A black bear (D:11)
  3 manticore zombies
  35 orc warriors
  9 phantoms
  9 snapping turtle zombies
  6 spiny frog skeletons
  An eye of draining (shapeshifter) (Depths:4)
  24 necrophages
  19 eyes of draining
  16 ice beasts
  2 swamp dragon skeletons
  52 ogres
  16 centaurs
  13 crocodiles
  2 alligator simulacra
  9 boggarts
  2 elf skeletons
  2 elf simulacra (Depths:5)
  A manticore skeleton (Coc:4)
  5 snapping turtle skeletons
  4 big kobolds
  2 human skeletons
  64 small abominations
  A water moccasin zombie (Crypt:2)
  4 brain worms
  2 spiny frog simulacra
  8 gnoll sergeants (D:10)
  A wyvern zombie (D:14)
  A draconian skeleton (Crypt:2)
  23 giant frogs
  An earth elemental (Abyss:1)
  42 killer bees
  A boulder beetle zombie (Crypt:2)
  A wyvern skeleton (D:14)
  A spectral tengu (Crypt:3)
  95 wights
  6 electric eels
  30 jellies
  15 crimson imps
  5 hounds
  2 lava snakes (Elf:2)
  19 orc priests
  2 giant frog zombies
  3 giant frog skeletons
  A human zombie (Dis:2)
  27 orc wizards
  7 iguanas
  27 iron imps
  A lightning spire (Zig:6)
  7 worker ants
  13 quasits
  27 sheep
  A naga zombie (Geh:7)
  An ogre zombie (Dis:7)
  2 tengu zombies
  A hound skeleton (D:7)
  A hound zombie (D:5)
  36 mummies
  3 worker ant zombies
  Robin (D:3)
  31 river rats
  21 adders
  6 gnolls
  18 shadow imps
  36 white imps
  A giant eyeball (Pan)
  4 oozes
  5 ufetubi
  4 adder skeletons
  An adder zombie (D:9)
  4 giant geckos
  162 orcs
  A ball python (D:1)
  15 bats
  17 goblins
  9 hobgoblins
  7 jackals
  37 kobolds
  A quokka (D:8)
  2 ball python zombies
  4 giant cockroaches
  A giant gecko skeleton (D:7)
  5 giant newts
  A jackal skeleton (D:4)
  A kobold skeleton (Hell)
  An orc skeleton (Crypt:1)
  An orc zombie (Tar:1)
  14 rats
  3 bushes
  6 crawling corpses
  16 fire vortices
  101 fungi
  3 lurking horrors (Abyss:2)
  47 plants
  12 spectral weapons
  16 starspawn tentacles
  6 tentacles
7096 creatures vanquished.

Vanquished Creatures (others)
  An orb of fire (Zot:1)
  A Hell Sentinel (Dis:7)
  2 eldritch tentacles (Pan)
  A Shadow Fiend (Pan)
  A storm dragon (Vaults:2)
  2 blood saints (Pan)
  A vault warden (Vaults:2)
  2 fire giants (Geh:7)
  A draconian scorcher (Depths:5)
  A draconian annihilator (Pan)
  2 stone giants (Vaults:2)
  An ironheart preserver (Vaults:2)
  A lorocyproca (Abyss:2)
  A red draconian (Zot:1)
  A salamander stormcaller (Vaults:3)
  An ettin (Depths:2)
  A vault guard (Vaults:3)
  2 green deaths (Pan)
  An ice dragon (Zot:1)
  A spriggan air mage (Pan)
  A rakshasa (Pan)
  A thrashing horror (Abyss:2)
  A titan skeleton (Geh:5)
  A deep elf knight (Elf:1)
  An ice devil (Pan)
  33 ball lightnings (Pan)
  13 death scarabs (Tomb:3)
  A swamp dragon (Zig:9)
  An ironbrand convoker (Vaults:3)
  2 spriggan druids
  A wizard (Pan)
  A gelid demonspawn (Pan)
  An orc knight (Vaults:3)
  A wolf spider zombie (Dis:7)
  A necromancer (Abyss:4)
  2 hornets (Zig:9)
  A shock serpent zombie (Tomb:3)
  A yaktaur zombie (Vaults:3)
  A two-headed ogre (Vaults:5)
  6 slime creatures (Depths:4)
  5 flying skulls
  A vampire (Tar:7)
  A deep elf fighter (Elf:3)
  A large abomination (Pan)
  A neqoxec (Abyss:4)
  A swamp worm (Swamp:1)
  A hydra simulacrum (Tomb:3)
  A small abomination (Abyss:2)
  An orc warrior (Vaults:3)
  2 swamp drakes (Zig:9)
  A wasp (Zig:9)
  A hell hound (Hell)
  2 necrophages
  2 boggarts (Vaults:2)
  A centaur (D:12)
  A troll zombie (Geh:3)
  A spriggan zombie (Geh:7)
  2 wights (Coc:1)
  5 mummies (Tomb:2)
  2 white imps
  An orc (Orc:3)
  A block of ice (Pan)
  3 briar patches (Swamp:2)
  A bush (Lair:8)
  216 eldritch tentacle segments
  A fire vortex (Pan)
  25 fungi
  7 lost souls
  2 lurking horrors
  31 plants
  9 spectral weapons
  28 starspawn tentacles
  426 starspawn tentacle segments
  7 tentacles
  778 tentacle segments
1665 creatures vanquished.

Grand Total: 8761 creatures vanquished

Notes
Turn   | Place    | Note
--------------------------------------------------------------
     0 | D:1      | Shiisan the Merfolk Gladiator began the quest for the Orb.
     0 | D:1      | Reached XP level 1. HP: 16/16 MP: 1/1
    89 | D:1      | Reached skill level 5 in Polearms
    97 | D:1      | Reached XP level 2. HP: 20/22 MP: 2/2
   593 | D:1      | Reached skill level 6 in Polearms
   593 | D:1      | Reached XP level 3. HP: 20/27 MP: 3/3
  1497 | D:2      | Reached skill level 7 in Polearms
  1497 | D:2      | Reached XP level 4. HP: 20/33 MP: 4/4
  1738 | D:2      | Found a faded altar to an unknown god.
  2101 | D:3      | Noticed Sigmund
  2150 | D:3      | Noticed Robin
  2471 | D:3      | Killed Robin
  2741 | D:4      | Reached skill level 8 in Polearms
  2741 | D:4      | Reached XP level 5. HP: 26/38 MP: 5/5
  2748 | D:4      | Got a bone trident
  2749 | D:4      | Identified the +7 trident "Plog" {drain, +Fly rF+ Dex+6} (You found it on level 4 of the Dungeon)
  2825 | D:4      | Noticed Menkaure
  2830 | D:5      | Entered Level 5 of the Dungeon
  2854 | D:5      | Reached skill level 9 in Polearms
  2855 | D:5      | Reached XP level 6. HP: 28/44 MP: 6/6
  2973 | D:5      | Found an ancient bone altar of Kikubaaqudgha.
  3025 | D:4      | Noticed kraktruk's ghost (amateur DECj)
  3059 | D:5      | Noticed an ogre
  3064 | D:5      | Killed an ogre
  3111 | D:5      | Found a staircase to the Ecumenical Temple.
  3187 | Temple   | Entered the Ecumenical Temple
  3195 | Temple   | Became a worshipper of Qazlal Stormbringer
  3300 | D:5      | Found a sacrificial altar of Ru.
  3324 | D:4      | Noticed Eustachio
  3335 | D:4      | Killed Eustachio
  3335 | D:4      | Reached skill level 1 in Armour
  3335 | D:4      | Reached skill level 5 in Dodging
  3335 | D:4      | Reached XP level 7. HP: 52/52 MP: 7/7
  3345 | D:4      | Got an ancient ring mail
  3356 | D:4      | Identified the +0 ring mail of Nucesh {rC+ rN+ Int-2 SInv} (You found it on level 4 of the Dungeon)
  3462 | D:5      | Noticed an ogre
  3465 | D:5      | Killed an ogre
  3507 | D:5      | Found a radiant altar of Vehumet.
  3537 | D:5      | Found an iron altar of Okawaru.
  3538 | D:5      | Found a burning altar of Makhleb.
  3539 | D:5      | Found a shattered altar of Ashenzari.
  3678 | D:5      | Noticed a centaur
  3685 | D:5      | Killed a centaur
  3958 | D:6      | Reached XP level 8. HP: 55/61 MP: 8/8
  4041 | D:6      | Reached skill level 5 in Fighting
  4128 | D:6      | Reached * piety under Qazlal
  4731 | D:7      | Reached XP level 9. HP: 66/71 MP: 9/9
  4950 | D:7      | Gained mutation: You are agile. (Dex +2) [potion of mutation]
  4950 | D:7      | Gained mutation: You passively map a small area around you. [potion of mutation]
  4950 | D:7      | Gained mutation: You are partially covered in icy blue scales (AC +1). [potion of mutation]
  5538 | D:8      | Noticed Maurice
  5549 | D:8      | Killed Maurice
  5915 | D:8      | Reached ** piety under Qazlal
  5915 | D:8      | Reached skill level 5 in Armour
  5925 | D:8      | Reached XP level 10. HP: 74/82 MP: 10/10
  6430 | D:9      | Reached skill level 10 in Dodging
  6442 | D:9      | Noticed Psyche
  6448 | D:9      | Killed Psyche
  6466 | D:9      | Found a blossoming altar of Fedhas.
  6560 | D:9      | Found a shadowy altar of Dithmenos.
  6895 | D:9      | Noticed Erolcha
  6908 | D:9      | Killed Erolcha
  6908 | D:9      | Reached skill level 11 in Dodging
  7043 | D:10     | Entered Level 10 of the Dungeon
  7231 | D:10     | Noticed Snorg
  7254 | D:10     | Killed Snorg
  7254 | D:10     | Reached skill level 10 in Fighting
  7294 | D:10     | Reached *** piety under Qazlal
  7337 | D:10     | Reached XP level 11. HP: 66/91 MP: 11/11
  7355 | D:10     | Reached skill level 12 in Dodging
  7759 | D:10     | Found a staircase to the Orcish Mines.
  7913 | D:10     | Found a staircase to the Lair.
  8410 | D:10     | Reached skill level 13 in Dodging
  8712 | D:4      | Killed Menkaure
  8762 | D:4      | Reached **** piety under Qazlal
  8836 | D:4      | Killed kraktruk's ghost
  9314 | Lair:1   | Entered Level 1 of the Lair of Beasts
  9579 | Lair:1   | Reached skill level 14 in Dodging
 10035 | Lair:2   | Reached ***** piety under Qazlal
 10035 | Lair:2   | Reached XP level 12. HP: 59/101 MP: 12/12
 10062 | Lair:2   | Found a labyrinth entrance.
 10087 | Lair:2   | Reached skill level 15 in Dodging
 10117 | Lab      | Entered a labyrinth
 10973 | Lab      | Noticed a minotaur
 10978 | Lab      | Killed a minotaur
 10999 | Lair:2   | Identified a +0 rod of ignition (14/14) (You took it off a minotaur in a labyrinth)
 11080 | Lair:2   | Reached skill level 1 in Invocations
 12030 | Lair:3   | Identified a +0 rod of destruction (12/12) (You found it on level 3 of the Lair of Beasts)
 12083 | Lair:3   | Found a shimmering altar of Xom.
 12183 | Lair:3   | You fall through a shaft for 3 floors!
 12193 | Lair:6   | Reached skill level 5 in Invocations
 12445 | Lair:6   | Reached XP level 13. HP: 100/108 MP: 19/19
 12579 | Lair:5   | Reached skill level 10 in Invocations
 12593 | Lair:5   | Noticed Josephine
 12601 | Lair:5   | Killed Josephine
 13123 | Lair:4   | Noticed Rupert
 13141 | Lair:4   | Killed Rupert
 13315 | Lair:4   | Noticed Sonja
 13322 | Lair:4   | Killed Sonja
 13388 | Lair:4   | Reached ****** piety under Qazlal
 13780 | Lair:4   | Found a hole to the Spider Nest.
 13790 | Lair:4   | Reached skill level 1 in Shields
 14698 | Lair:6   | Found a shimmering altar of Xom.
 14823 | Lair:6   | Found a staircase to the Swamp.
 15313 | Lair:7   | Noticed Nessos
 15327 | Lair:7   | Killed Nessos
 15327 | Lair:7   | Reached skill level 5 in Shields
 15425 | Lair:7   | Reached XP level 14. HP: 83/115 MP: 23/23
 16026 | Lair:8   | Entered Level 8 of the Lair of Beasts
 16273 | Lair:8   | Reached skill level 10 in Shields
 16751 | Lair:8   | Found a burning altar of Makhleb.
 16756 | Lair:8   | Found a gateway to Hell.
 17516 | Orc:1    | Entered Level 1 of the Orcish Mines
 17525 | Orc:1    | Found Nafatwedghun's Gadget Emporium.
 17901 | Orc:1    | Found a roughly hewn altar of Beogh.
 17922 | Orc:1    | Reached XP level 15. HP: 120/120 MP: 24/24
 18539 | Orc:2    | Found a frozen archway.
 18548 | IceCv    | Entered an ice cave
 18655 | IceCv    | Gained mutation: You have a pair of small horns on your head. [potion of beneficial mutation]
 18666 | IceCv    | Gained mutation: You are robust (+10% HP). [potion of beneficial mutation]
 18737 | IceCv    | Noticed a frost giant
 18740 | IceCv    | Killed a frost giant
 19382 | Orc:3    | Found a flagged portal.
 19403 | Bailey   | Entered a bailey
 19567 | Bailey   | Found a runed gate.
 19569 | Bailey   | Found a runed gate.
 19571 | Bailey   | Found a runed gate.
 19838 | Orc:3    | Found a staircase to the Elven Halls.
 19841 | Orc:3    | Found Kemitic's Assorted Antiques.
 19853 | Orc:3    | Bought a brightly glowing chain mail for 228 gold pieces
 19853 | Orc:3    | Bought a yellow potion for 21 gold pieces
 19853 | Orc:3    | Identified the +2 chain mail of Classification {MP+9} (You bought it in a shop on level 3 of the Orcish Mines)
 20355 | Orc:4    | Entered Level 4 of the Orcish Mines
 20355 | Orc:4    | Found Eshraschie's Food Emporium.
 20439 | Orc:4    | Found a roughly hewn altar of Beogh.
 20439 | Orc:4    | Found Yrphugis's Antique Weapon Boutique.
 20500 | Orc:4    | Paralysed by an orc sorcerer for 7 turns
 20840 | Orc:4    | Noticed Maud
 20856 | Orc:4    | Killed Maud
 20858 | Orc:4    | Noticed Donald
 20877 | Orc:4    | Killed Donald
 20897 | Orc:4    | Reached skill level 15 in Shields
 21080 | Orc:4    | Found Loyroledgh's Antique Armour Boutique.
 21081 | Orc:4    | Found Wuuczyto's General Store.
 21087 | Orc:4    | Found Vudetex's Antique Weapon Shoppe.
 21089 | Orc:4    | Bought a transparent large shield for 313 gold pieces
 21089 | Orc:4    | Identified the +13 large shield "Liamp" {Int+2} (You bought it in a shop on level 4 of the Orcish Mines)
 21110 | Orc:4    | Bought a +5 ring of evasion for 715 gold pieces
 21113 | Orc:4    | Found Soomur's Distillery.
 21122 | Orc:4    | Bought a potion of heal wounds for 80 gold pieces
 21122 | Orc:4    | Bought a potion of degeneration for 16 gold pieces
 21122 | Orc:4    | Bought a potion of beneficial mutation for 560 gold pieces
 21122 | Orc:4    | Bought a potion of haste for 160 gold pieces
 21122 | Orc:4    | Gained mutation: You are somewhat resistant to further mutation. [potion of beneficial mutation]
 21414 | D:11     | Reached skill level 10 in Polearms
 21695 | D:11     | Found a glowing golden altar of the Shining One.
 22172 | D:12     | Reached XP level 16. HP: 139/139 MP: 25/25
 23256 | D:13     | Found a gate to the Vaults.
 23512 | D:13     | Found a radiant altar of Vehumet.
 23794 | D:13     | Reached skill level 15 in Polearms
 24065 | D:14     | Reached skill level 16 in Polearms
 24558 | D:15     | Entered Level 15 of the Dungeon
 24864 | D:15     | Found a portal to a secret trove of treasure.
 24920 | D:15     | Reached skill level 17 in Polearms
 25012 | D:15     | Found Yheryomm's Jewellery Emporium.
 25020 | D:15     | Bought a +6 ring of dexterity for 877 gold pieces
 25099 | D:15     | Found a staircase to the Depths.
 25672 | Swamp:1  | Entered Level 1 of the Swamp
 26940 | Swamp:2  | Noticed a thorn hunter
 27043 | Spider:1 | Entered Level 1 of the Spider Nest
 27055 | Spider:1 | Reached XP level 17. HP: 139/148 MP: 26/26
 29191 | Spider:4 | Entered Level 4 of the Spider Nest
 29213 | Spider:3 | Reached skill level 18 in Dodging
 29347 | Spider:4 | Got a twitching jade ring
 29359 | Spider:4 | Identified the ring of Koibuimp {MR+ Str+2 Int+7 SInv} (You found it on level 4 of the Spider Nest)
 29851 | Spider:4 | Reached XP level 18. HP: 148/159 MP: 6/27
 29882 | Spider:4 | Reached skill level 19 in Dodging
 30127 | Spider:4 | Got a gossamer rune of Zot
 30558 | Swamp:2  | Killed a thorn hunter
 30762 | Swamp:2  | Got a faintly glowing chain mail
 30763 | Swamp:2  | Identified the +8 chain mail of Slovenliness {rCorr} (You found it on level 2 of the Swamp)
 31492 | Swamp:3  | Reached skill level 20 in Dodging
 32020 | Swamp:4  | Entered Level 4 of the Swamp
 32437 | Swamp:4  | Noticed the 27-headed Lernaean hydra
 32446 | Swamp:4  | Killed the 27-headed Lernaean hydra
 32784 | Swamp:4  | Reached skill level 21 in Dodging
 32784 | Swamp:4  | Reached XP level 19. HP: 169/169 MP: 28/28
 32854 | Swamp:4  | Got a decaying rune of Zot
 33466 | Vaults:1 | Entered Level 1 of the Vaults
 33581 | Vaults:1 | Reached skill level 15 in Fighting
 33730 | Vaults:1 | Reached skill level 10 in Armour
 34314 | Vaults:2 | Reached skill level 22 in Dodging
 34880 | Vaults:2 | Reached XP level 20. HP: 180/180 MP: 29/29
 35241 | Vaults:2 | Found Ujei's Armour Shop.
 36011 | Vaults:3 | Reached skill level 23 in Dodging
 36560 | Vaults:3 | Found a basalt altar of Yredelemnul.
 36592 | Vaults:3 | Found a staircase to the Crypt.
 36592 | Vaults:3 | Found an ancient bone altar of Kikubaaqudgha.
 37154 | Vaults:3 | Found Funofrai's General Store.
 37202 | Vaults:3 | Got a pair of shimmering boots
 37203 | Vaults:3 | Identified the +2 pair of boots of the Swan {*Drain rElec SInv} (You found it on level 3 of the Vaults)
 37337 | Vaults:3 | Bought the +2 pair of gloves "Leemoy" {rN+} for 539 gold pieces
 37543 | Vaults:3 | Reached skill level 24 in Dodging
 37802 | Vaults:4 | Reached XP level 21. HP: 188/192 MP: 30/30
 38872 | Vaults:4 | Found Qetamiy's Weapon Shoppe.
 39200 | Crypt:1  | Entered Level 1 of the Crypt
 39462 | Depths:1 | Entered Level 1 of the Depths
 39648 | Depths:1 | Found a one-way gate to the infinite horrors of the Abyss.
 40418 | Depths:2 | Reached XP level 22. HP: 205/209 MP: 20/31
 40603 | Depths:2 | Found a runed door.
 40802 | Depths:2 | Found a radiant altar of Vehumet.
 40803 | Depths:2 | Noticed Frederick
 40805 | Depths:2 | Noticed Wiglaf
 40815 | Depths:2 | Killed Frederick
 40850 | Depths:2 | Killed Wiglaf
 40859 | Depths:2 | Found a runed door.
 41023 | Depths:2 | Identified the Compendium of Hurtful Poison
 41358 | Depths:2 | Found a gateway to a ziggurat.
 42791 | Depths:3 | Found a one-way gate leading to the halls of Pandemonium.
 43835 | D:15     | You paid a toll of a +4 fire dragon armour to enter a treasure trove
 43836 | Trove    | Entered a treasure trove
 43856 | Trove    | Identified Sif Muna's Grimoire of Quantum Conjuration
 43862 | Trove    | Identified a scroll of acquirement
 43896 | Trove    | Identified Sif Muna's Reference Book on the Toxic Compass
 43956 | D:15     | Got a faintly humming cloak
 43957 | D:15     | Identified the +0 cloak of the Good {SInv} (You acquired it on level 15 of the Dungeon)
 44281 | Depths:4 | Reached XP level 23. HP: 224/224 MP: 32/32
 45807 | Depths:5 | Entered Level 5 of the Depths
 46306 | Depths:5 | Found a basalt altar of Yredelemnul.
 46643 | Depths:5 | Reached XP level 24. HP: 217/233 MP: 32/32
 46724 | Depths:5 | Noticed a juggernaut
 46756 | Depths:5 | Killed a juggernaut
 46756 | Depths:5 | Reached skill level 25 in Polearms
 46802 | Depths:5 | Found a white marble altar of Elyvilon.
 47133 | Depths:5 | Reached skill level 26 in Polearms
 47235 | Depths:5 | Found a gate to the Realm of Zot.
 47339 | Depths:5 | Found a blossoming altar of Fedhas.
 47515 | Depths:5 | Found an opulent altar of Gozag.
 47528 | Depths:5 | Reached skill level 27 in Polearms
 48647 | Crypt:1  | Reached skill level 15 in Armour
 49471 | Crypt:2  | Noticed Mara
 49896 | Crypt:2  | Reached skill level 15 in Invocations
 49909 | Crypt:2  | Noticed Shiisan's illusion
 49910 | Crypt:2  | Killed Mara
 49941 | Crypt:2  | Reached XP level 25. HP: 176/240 MP: 21/34
 50090 | Crypt:2  | Found a shimmering altar of Xom.
 50256 | Crypt:2  | Found a basalt altar of Yredelemnul.
 50540 | Crypt:3  | Entered Level 3 of the Crypt
 50813 | Crypt:3  | Found a basalt altar of Yredelemnul.
 51220 | Crypt:3  | Identified Caen's Almanac of Evil
 51299 | Crypt:3  | Found a staircase to the Tomb.
 51300 | Crypt:3  | Noticed an ancient lich
 51312 | Crypt:3  | Killed an ancient lich
 51707 | Crypt:3  | Got a shimmering bronze ring
 51707 | Crypt:3  | Got a glittering iron ring
 51708 | Crypt:3  | Identified the ring "Osuorhod" {rN+ Slay+4} (You found it on level 3 of the Crypt)
 51709 | Crypt:3  | Identified the ring of Xereqate {rN+ MP+9 Dex+4 Stlth+} (You found it on level 3 of the Crypt)
 52191 | Vaults:5 | Entered Level 5 of the Vaults
 52383 | Vaults:5 | Reached XP level 26. HP: 254/254 MP: 36/36
 53110 | Vaults:5 | Noticed an ancient lich
 53117 | Vaults:5 | Killed an ancient lich
 53318 | Vaults:5 | Got a jasper-encrusted scale mail
 53319 | Vaults:5 | Identified the +4 scale mail of Qetevvukh {*Drain +Fly rElec Str+7} (You found it on level 5 of the Vaults)
 53491 | Vaults:5 | Got a silver rune of Zot
 53669 | Vaults:5 | Found Lewuebecw's Distillery.
 53685 | Vaults:5 | Identified the Catalogue of Transformation
 54278 | Lair:1   | Learned a level 3 spell: Spectral Weapon
 54282 | Lair:1   | Learned a level 3 spell: Regeneration
 54285 | Lair:1   | Learned a level 2 spell: Shroud of Golubria
 54294 | Lair:1   | Learned a level 8 spell: Necromutation
 54452 | Depths:1 | Voluntarily entered the Abyss.
 54755 | Abyss:1  | Reached XP level 27. HP: 212/271 MP: 36/36
 54784 | Abyss:1  | Found a corrupted altar of Lugonu.
 54835 | Abyss:1  | Got a warped lead ring
 54840 | Abyss:1  | Reached skill level 27 in Fighting
 54848 | Abyss:1  | Reached skill level 1 in Charms
 55043 | Abyss:1  | Reached skill level 5 in Charms
 55911 | Abyss:2  | Found a radiant altar of Vehumet.
 55937 | Abyss:2  | Reached skill level 10 in Charms
 56296 | Abyss:2  | Found a sacrificial altar of Ru.
 56472 | Abyss:2  | Got a polished plate armour
 56473 | Abyss:2  | Identified the +2 plate armour of Hospitality {-Tele SInv Stlth+} (You found it on level 2 of the Abyss)
 56474 | Abyss:2  | Identified the ring of Satisfaction {Int+4 Dex+3} (You found it on level 1 of the Abyss)
 57399 | Abyss:2  | Reached skill level 15 in Charms
 57445 | Abyss:2  | Found a corrupted altar of Lugonu.
 57663 | Abyss:2  | Reached skill level 1 in Necromancy
 57674 | Abyss:2  | Paralysed by accursed screaming for 1 turns
 57941 | Depths:1 | Escaped the Abyss
 58470 | Zot:1    | Entered Level 1 of the Realm of Zot
 58485 | Zot:1    | Killed an orb of fire
 59249 | Zot:1    | Noticed an orb of fire
 59700 | Zot:1    | Lost mutation: You are agile. (Dex +2) [potion of cure mutation]
 60237 | Zot:2    | Reached skill level 5 in Necromancy
 60402 | Zot:2    | Reached skill level 1 in Hexes
 61376 | Zot:3    | Paralysed by the power of Zot for 3 turns
 62245 | Zot:4    | Reached skill level 5 in Hexes
 62455 | Zot:4    | Reached skill level 1 in Transmutations
 62625 | Zot:4    | Reached skill level 5 in Transmutations
 62989 | Zot:5    | Entered Level 5 of the Realm of Zot
 63748 | Zot:5    | Noticed an ancient lich
 63760 | Zot:5    | Killed an ancient lich
 63773 | Zot:5    | Reached skill level 10 in Transmutations
 63899 | Zot:5    | Reached skill level 1 in Spellcasting
 63974 | Zot:5    | Noticed an orb of fire
 63983 | Zot:5    | Killed an orb of fire
 64344 | Zot:5    | Noticed an ancient lich
 64351 | Zot:5    | Killed an ancient lich
 64351 | Zot:5    | Reached skill level 10 in Necromancy
 64469 | Zot:5    | Noticed an ancient lich
 64480 | Zot:5    | Killed an ancient lich
 64590 | Zot:5    | Noticed an orb of fire
 64602 | Zot:5    | Killed an orb of fire
 64602 | Zot:5    | Reached skill level 5 in Spellcasting
 64804 | Zot:5    | Noticed an orb of fire
 64813 | Zot:5    | Killed an orb of fire
 65928 | Lair:7   | Found a staircase to the Slime Pits.
 65948 | Slime:1  | Entered Level 1 of the Pits of Slime
 66704 | Slime:4  | Gained mutation: You have very sharp teeth. [a shining eye]
 68280 | Slime:5  | Gained mutation: You are occasionally teleported to nearby monsters. [a shining eye]
 68365 | Slime:5  | Reached skill level 15 in Transmutations
 68754 | Slime:6  | Entered Level 6 of the Pits of Slime
 68963 | Slime:6  | Noticed the royal jelly
 68973 | Slime:6  | Killed the royal jelly
 70195 | Slime:6  | Got a slimy rune of Zot
 70239 | Slime:6  | Got a crude scythe
 70241 | Slime:6  | Identified the cursed +1 scythe "Naprigh" {slice, MR+} (You found it on level 6 of the Pits of Slime)
 70252 | Slime:6  | Got an ancient cloak
 70253 | Slime:6  | Identified the +1 cloak of Moikar {rPois rC- rCorr Str+2} (You found it on level 6 of the Pits of Slime)
 70838 | Hell     | Entered the Vestibule of Hell
 70838 | Hell     | Noticed Geryon
 70934 | Hell     | Killed Geryon
 71135 | Hell     | Found a gateway to the freezing wastes of Cocytus.
 71386 | Hell     | Found a gateway to the decaying netherworld of Tartarus.
 71466 | Hell     | Found a gateway to the ashen valley of Gehenna.
 71520 | Hell     | Reached skill level 10 in Spellcasting
 71603 | Hell     | Found a gateway to the Iron City of Dis.
 71748 | Depths:1 | Voluntarily entered the Abyss.
 72515 | Abyss:4  | Paralysed by you for 6 turns
 72580 | Abyss:4  | Found a glowing golden altar of the Shining One.
 72639 | Abyss:4  | Got an abyssal rune of Zot
 73059 | Depths:1 | Escaped the Abyss
 73275 | Elf:1    | Entered Level 1 of the Elven Halls
 73290 | Elf:1    | Found a radiant altar of Vehumet.
 73540 | Elf:1    | Reached skill level 15 in Necromancy
 74599 | Elf:2    | Found Ysoll's Armour Shop.
 74757 | Elf:2    | Identified the Volume of Destructive Flames
 74847 | Elf:2    | Found a runed gate.
 74847 | Elf:2    | Found a runed gate.
 74852 | Elf:2    | Found a runed gate.
 74878 | Elf:2    | Learned a level 7 spell: Ring of Flames
 75218 | Elf:3    | Entered Level 3 of the Elven Halls
 76182 | Elf:3    | Got a crude plate armour
 76183 | Elf:3    | Identified the +3 plate armour of Evolution {Regen+} (You found it on level 3 of the Elven Halls)
 76630 | Pan      | Entered Pandemonium
 76710 | Pan      | Noticed Wal Oguu the pandemonium lord
 76723 | Pan      | Killed Wal Oguu the pandemonium lord
 76731 | Pan      | Noticed puimuR's ghost (legendary DsSk)
 76787 | Pan      | Gained mutation: You expend magic power (3 MP) to strengthen your wands. [a cacodemon]
 76829 | Pan      | Gained mutation: Armour fits poorly on your strangely shaped body. [a neqoxec]
 76832 | Pan      | Killed puimuR's ghost
 76838 | Pan      | Lost mutation: You have a pair of small horns on your head. [a neqoxec]
 76879 | Pan      | Gained mutation: Your body sometimes deteriorates upon taking damage. [a cacodemon]
 76950 | Pan      | Gained mutation: You tend to lose your temper in combat. [a neqoxec]
 77189 | Pan      | Noticed Tegasar the pandemonium lord
 77202 | Pan      | Killed Tegasar the pandemonium lord
 77310 | Pan      | Found an exit through the horrors of the Abyss.
 77430 | Pan      | Found a white marble altar of Elyvilon.
 77520 | Pan      | Noticed a seraph
 77705 | Pan      | Identified the Papyrus of the Snowflakes and Transmutation
 78380 | Pan      | Got a distressingly furry large shield
 78381 | Pan      | Identified the +7 large shield of Greed {rN+ Stlth+} (You took it off a daeva in Pandemonium)
 78821 | Pan      | Found a glowing silver altar of Zin.
 78856 | Pan      | Lost mutation: You are partially covered in icy blue scales (AC +1). [potion of cure mutation]
 78856 | Pan      | Lost mutation: Your body sometimes deteriorates upon taking damage. [potion of cure mutation]
 78856 | Pan      | Lost mutation: You passively map a small area around you. [potion of cure mutation]
 78856 | Pan      | Lost mutation: You are occasionally teleported to nearby monsters. [potion of cure mutation]
 78856 | Pan      | Lost mutation: You are robust (+10% HP). [potion of cure mutation]
 78856 | Pan      | Lost mutation: Armour fits poorly on your strangely shaped body. [potion of cure mutation]
 78856 | Pan      | Lost mutation: You tend to lose your temper in combat. [potion of cure mutation]
 78857 | Pan      | Lost mutation: You expend magic power (3 MP) to strengthen your wands. [potion of cure mutation]
 78857 | Pan      | Lost mutation: You are somewhat resistant to further mutation. [potion of cure mutation]
 78857 | Pan      | Lost mutation: You have very sharp teeth. [potion of cure mutation]
 79044 | Pan      | Killed a seraph
 79061 | Pan      | Found a glowing golden altar of the Shining One.
 79076 | Pan      | Got a demonic rune of Zot
 79780 | Pan      | Noticed Agraf the pandemonium lord
 79800 | Pan      | Killed Agraf the pandemonium lord
 80056 | Pan      | Noticed Cuawn the pandemonium lord
 80066 | Pan      | Killed Cuawn the pandemonium lord
 80097 | Pan      | Entered the realm of Lom Lobon.
 80660 | Pan      | Found an exit through the horrors of the Abyss.
 81083 | Pan      | Noticed Lom Lobon
 81728 | Pan      | Got a magical rune of Zot
 81868 | Pan      | Noticed Saexobu the pandemonium lord
 81881 | Pan      | Killed Saexobu the pandemonium lord
 82443 | Pan      | Entered the realm of Mnoleg.
 82482 | Pan      | Gained mutation: You are frail (-10% HP). [a neqoxec]
 82565 | Pan      | Found an exit through the horrors of the Abyss.
 82916 | Pan      | Noticed Mnoleg
 82932 | Pan      | Killed Mnoleg
 83000 | Pan      | Got a glowing rune of Zot
 83576 | Pan      | Noticed Ophuud the pandemonium lord
 83603 | Pan      | Killed Ophuud the pandemonium lord
 83727 | Pan      | Got a crude brass amulet
 83728 | Pan      | Identified the amulet of the Prince {MR+ Regen+} (You found it in Pandemonium)
 83977 | Pan      | Learned a level 1 spell: Apportation
 84055 | Pan      | Found an exit through the horrors of the Abyss.
 84270 | Pan      | Entered the realm of Gloorx Vloq.
 84314 | Pan      | Reached skill level 1 in Translocations
 84511 | Pan      | Reached skill level 5 in Translocations
 84645 | Pan      | Found an exit through the horrors of the Abyss.
 85206 | Pan      | Noticed Gloorx Vloq
 85224 | Pan      | Killed Gloorx Vloq
 85358 | Pan      | Got a dark rune of Zot
 85755 | Pan      | Gained mutation: Potions and wands are less effective at restoring your health. [a cacodemon]
 85854 | Pan      | Noticed Lom Lobon
 85916 | Pan      | Found a runed door.
 85920 | Pan      | Gained mutation: Your magical capacity is low (-10% MP). [a neqoxec]
 86175 | Pan      | Noticed Lom Lobon
 86453 | Pan      | Killed Lom Lobon
 86556 | Pan      | Found an exit through the horrors of the Abyss.
 87273 | Pan      | Noticed Vesuz the pandemonium lord
 87288 | Pan      | Killed Vesuz the pandemonium lord
 87375 | Pan      | Found an exit through the horrors of the Abyss.
 87981 | Pan      | Gained mutation: You occasionally shout uncontrollably at your foes. [a neqoxec]
 88040 | Pan      | Noticed Moluc the pandemonium lord
 88048 | Pan      | Killed Moluc the pandemonium lord
 88632 | Pan      | Found a runed door.
 88661 | Pan      | Found a runed door.
 88696 | Pan      | Gained mutation: You tend to lose your temper in combat. [a neqoxec]
 88707 | Pan      | Found an exit through the horrors of the Abyss.
 88745 | Pan      | Found a runed door.
 88755 | Pan      | Found a runed door.
 89037 | Pan      | Noticed Gic Lir the pandemonium lord
 89074 | Pan      | Killed Gic Lir the pandemonium lord
 89085 | Depths:3 | Escaped Pandemonium
 89750 | Pan      | Entered Pandemonium
 89813 | Pan      | Noticed Enaacsoyb the pandemonium lord
 89827 | Pan      | Killed Enaacsoyb the pandemonium lord
 90287 | Pan      | Found an exit through the horrors of the Abyss.
 90997 | Pan      | Noticed Inabawisett the pandemonium lord
 91003 | Pan      | Killed Inabawisett the pandemonium lord
 91112 | Pan      | Found an exit through the horrors of the Abyss.
 91442 | Pan      | Gained mutation: You are very frail (-20% HP). [a neqoxec]
 91444 | Pan      | Gained mutation: You are weak. (Str -2) [a neqoxec]
 91448 | Pan      | Gained mutation: You are extremely frail (-30% HP). [a neqoxec]
 91507 | Pan      | Found an exit through the horrors of the Abyss.
 91508 | Pan      | Gained mutation: Your magical capacity is very low (-20% MP). [a neqoxec]
 91572 | Pan      | Found a gateway to a ziggurat.
 91589 | Zig:1    | Entered Level 1 of a ziggurat
 91589 | Zig:1    | Noticed a juggernaut
 91606 | Zig:1    | Killed a juggernaut
 91617 | Zig:2    | Entered Level 2 of a ziggurat
 91655 | Zig:3    | Entered Level 3 of a ziggurat
 91680 | Zig:3    | Got an ancient copper ring
 91681 | Zig:3    | Identified the ring of Ewetoa {Fire rN+ MP+9} (You found it on level 3 of a ziggurat)
 91688 | Zig:4    | Entered Level 4 of a ziggurat
 91722 | Zig:5    | Entered Level 5 of a ziggurat
 91757 | Zig:5    | Got a faintly glowing garnet amulet
 91758 | Zig:5    | Identified the amulet of Guar {Ward rF+ rN+} (You found it on level 5 of a ziggurat)
 91761 | Zig:5    | Got a wavering bone ring
 91764 | Zig:5    | Identified the cursed ring "Cugymaegraw" {rF+ MR++ MP+9 Str+4 Dex-4} (You found it on level 5 of a ziggurat)
 91771 | Zig:6    | Entered Level 6 of a ziggurat
 91844 | Zig:6    | Identified the Reference Book on Hurtful Clay
 91856 | Zig:6    | Learned a level 5 spell: Aura of Abjuration
 91863 | Zig:7    | Entered Level 7 of a ziggurat
 91920 | Zig:7    | Identified A Primer on Casting
 91925 | Zig:7    | Learned a level 3 spell: Ozocubu's Armour
 91938 | Zig:8    | Entered Level 8 of a ziggurat
 92983 | Pan      | Noticed Loiquf the pandemonium lord
 93004 | Pan      | Killed Loiquf the pandemonium lord
 93823 | Pan      | Found an exit through the horrors of the Abyss.
 94332 | Pan      | Noticed Qibaseesch the pandemonium lord
 94357 | Pan      | Killed Qibaseesch the pandemonium lord
 94357 | Pan      | Gained mutation: You sometimes yell uncontrollably at your foes. [a neqoxec]
 94418 | Pan      | Reached skill level 27 in Armour
 94521 | Pan      | Found an exit through the horrors of the Abyss.
 94807 | Pan      | Lost mutation: You are extremely frail (-30% HP). [a neqoxec]
 94809 | Pan      | Gained mutation: You are dopey. (Int -2) [a neqoxec]
 94872 | Pan      | Noticed Rezet the pandemonium lord
 94895 | Pan      | Killed Rezet the pandemonium lord
 95287 | Pan      | Found an exit through the horrors of the Abyss.
 95422 | Pan      | Found an exit through the horrors of the Abyss.
 95582 | Pan      | Gained mutation: Scrolls take you a little longer to read. [a neqoxec]
 95592 | Pan      | Noticed Jaxuycin the pandemonium lord
 95607 | Pan      | Killed Jaxuycin the pandemonium lord
 95610 | Pan      | HP: 8/199 [disintegration (45)]
 95738 | Pan      | Upgraded the game from 0.17.0-23-g0de4337 to 0.17.0-24-gcfadda4
 95846 | Pan      | Found a gateway to a ziggurat.
 95860 | Pan      | Reached skill level 15 in Spellcasting
 95870 | Zig:1    | Entered Level 1 of a ziggurat
 95888 | Zig:2    | Entered Level 2 of a ziggurat
 96106 | Zig:3    | Entered Level 3 of a ziggurat
 96271 | Zig:3    | Learned a level 2 spell: Swiftness
 96278 | Zig:4    | Entered Level 4 of a ziggurat
 96315 | Zig:5    | Entered Level 5 of a ziggurat
 96371 | Zig:6    | Entered Level 6 of a ziggurat
 96381 | Zig:6    | Gained mutation: You are very weak. (Str -4) [a shining eye]
 96412 | Zig:6    | Got a pair of brightly glowing gloves
 96423 | Zig:6    | Identified the cursed +0 pair of gloves of the Townfolk {+Blink rC+ Stlth-} (You found it on level 6 of a ziggurat)
 96427 | Zig:7    | Entered Level 7 of a ziggurat
 96467 | Zig:7    | Identified the Collected Works on Quantum Companions
 96476 | Zig:7    | Learned a level 5 spell: Phase Shift
 96478 | Zig:7    | Identified the Disquisition on Shifting Bewitchment
 96721 | Zig:8    | Entered Level 8 of a ziggurat
 96804 | Zig:8    | Got a brightly glowing plate armour
 96810 | Zig:8    | Identified the +14 plate armour of Datua {Dex+3} (You found it on level 8 of a ziggurat)
 96813 | Zig:8    | Lost mutation: You are very weak. (Str -4) [potion of cure mutation]
 96813 | Zig:8    | Lost mutation: Scrolls take you a little longer to read. [potion of cure mutation]
 96813 | Zig:8    | Lost mutation: You tend to lose your temper in combat. [potion of cure mutation]
 96813 | Zig:8    | Lost mutation: Your magical capacity is very low (-20% MP). [potion of cure mutation]
 96813 | Zig:8    | Lost mutation: You are very frail (-20% HP). [potion of cure mutation]
 96817 | Zig:8    | Got a wavering iron amulet
 96818 | Zig:8    | Identified the amulet "Cist" {Gourm rPois rC- rN+++ Stlth-} (You found it on level 8 of a ziggurat)
 96822 | Zig:9    | Entered Level 9 of a ziggurat
 96825 | Zig:9    | Noticed a juggernaut
 96839 | Zig:9    | Killed a juggernaut
 96913 | Zig:9    | Got a coiled silver ring
 96914 | Zig:9    | Identified the ring "Lonis" {Wiz *Contam *Confuse MP+9 SInv} (You found it on level 9 of a ziggurat)
 96960 | Pan      | Gained mutation: You expend magic power (3 MP) to strengthen your wands. [a neqoxec]
 96965 | Pan      | Gained mutation: Armour fits poorly on your strangely shaped body. [a neqoxec]
 96970 | Pan      | Gained mutation: Your magical capacity is very low (-20% MP). [a neqoxec]
 97094 | Pan      | Gained mutation: Scrolls take you a little longer to read. [a cacodemon]
 97375 | Pan      | Entered the realm of Cerebov.
 97390 | Pan      | Found an exit through the horrors of the Abyss.
 98163 | Pan      | Noticed Cerebov
 98256 | Pan      | Gained mutation: You are very dopey. (Int -4) [a cacodemon]
 98298 | Pan      | Killed Cerebov
 98309 | Pan      | Identified Lofyff's Tome of Attacks
 98376 | Pan      | Got a fiery rune of Zot
 98392 | Pan      | Got a steaming plate armour
 98395 | Pan      | Identified the +0 plate armour of Cunaokos {Regen+ Str+7} (You found it in Pandemonium)
 98397 | Pan      | Got a sparkling platinum ring
 98400 | Pan      | Identified the ring "Unaisaar" {Wiz rF+ Str+4} (You found it in Pandemonium)
 98537 | Pan      | Got a faintly glowing jade ring
 98540 | Pan      | Identified the ring of Conflict {Ice rElec rPois Int-3 Slay+3} (You found it in Pandemonium)
 98623 | Pan      | Gained mutation: You are very weak. (Str -4) [a cacodemon]
 98627 | Pan      | Gained mutation: You frequently scream uncontrollably at your foes. [a cacodemon]
 98676 | Pan      | Found an exit through the horrors of the Abyss.
 98691 | Pan      | Noticed Nomnagowk the pandemonium lord
 98718 | Pan      | Killed Nomnagowk the pandemonium lord
 98785 | Pan      | Gained mutation: You are very frail (-20% HP). [a neqoxec]
 99558 | Pan      | Gained mutation: Your body sometimes deteriorates upon taking damage. [a neqoxec]
 99571 | Pan      | Noticed Fuen the pandemonium lord
 99591 | Pan      | Lost mutation: Potions and wands are less effective at restoring your health. [a neqoxec]
 99592 | Pan      | Killed Fuen the pandemonium lord
 99594 | Pan      | Gained mutation: Scrolls take you longer to read. [a neqoxec]
 99615 | Pan      | Gained mutation: You are clumsy. (Dex -2) [a neqoxec]
 99632 | Pan      | Found an exit through the horrors of the Abyss.
100114 | Pan      | Gained mutation: Your spells are a little easier to cast, but a little less powerful. [a neqoxec]
100124 | Pan      | Gained mutation: You are very clumsy. (Dex -4) [a neqoxec]
100139 | Pan      | Noticed Nukhes the pandemonium lord
100140 | Pan      | Killed Nukhes the pandemonium lord
100200 | Pan      | Gained mutation: You tend to lose your temper in combat. [a cacodemon]
100300 | Pan      | Found an exit through the horrors of the Abyss.
100756 | Depths:3 | Escaped Pandemonium
101077 | Lair:1   | Lost mutation: You tend to lose your temper in combat. [potion of cure mutation]
101077 | Lair:1   | Lost mutation: You frequently scream uncontrollably at your foes. [potion of cure mutation]
101077 | Lair:1   | Lost mutation: You are very dopey. (Int -4) [potion of cure mutation]
101077 | Lair:1   | Lost mutation: You are very frail (-20% HP). [potion of cure mutation]
101077 | Lair:1   | Lost mutation: You are dopey. (Int -2) [potion of cure mutation]
101077 | Lair:1   | Lost mutation: You are frail (-10% HP). [potion of cure mutation]
101078 | Lair:1   | Lost mutation: Your spells are a little easier to cast, but a little less powerful. [potion of cure mutation]
101078 | Lair:1   | Lost mutation: You expend magic power (3 MP) to strengthen your wands. [potion of cure mutation]
101078 | Lair:1   | Lost mutation: You are very weak. (Str -4) [potion of cure mutation]
101078 | Lair:1   | Lost mutation: You are weak. (Str -2) [potion of cure mutation]
101078 | Lair:1   | Lost mutation: Scrolls take you longer to read. [potion of cure mutation]
101078 | Lair:1   | Lost mutation: Armour fits poorly on your strangely shaped body. [potion of cure mutation]
101079 | Lair:1   | Lost mutation: Your magical capacity is very low (-20% MP). [potion of cure mutation]
101079 | Lair:1   | Lost mutation: Your magical capacity is low (-10% MP). [potion of cure mutation]
101079 | Lair:1   | Lost mutation: Your body sometimes deteriorates upon taking damage. [potion of cure mutation]
101079 | Lair:1   | Lost mutation: You are very clumsy. (Dex -4) [potion of cure mutation]
101080 | Lair:1   | Lost mutation: Scrolls take you a little longer to read. [potion of cure mutation]
101080 | Lair:1   | Lost mutation: You sometimes yell uncontrollably at your foes. [potion of cure mutation]
101080 | Lair:1   | Lost mutation: You are clumsy. (Dex -2) [potion of cure mutation]
101080 | Lair:1   | Lost mutation: You occasionally shout uncontrollably at your foes. [potion of cure mutation]
101389 | Dis:1    | Entered Level 1 of the Iron City of Dis
102466 | Dis:7    | Entered Level 7 of the Iron City of Dis
103132 | Dis:7    | Noticed the Serpent of Hell
103151 | Dis:7    | Killed the Serpent of Hell
103324 | Dis:7    | Noticed Dispater
103364 | Dis:7    | Killed Dispater
103386 | Dis:7    | Got an iron rune of Zot
103741 | Geh:1    | Entered Level 1 of Gehenna
104665 | Geh:7    | Entered Level 7 of Gehenna
105431 | Geh:7    | Noticed Asmodeus
105455 | Geh:7    | Killed Asmodeus
105483 | Geh:7    | Got an obsidian rune of Zot
106002 | Geh:7    | Got a wavering jade ring
106003 | Geh:7    | Identified the cursed ring "Zusugg" {rElec rC+ AC-2 Int+4 Dex-3} (You found it on level 7 of Gehenna)
106012 | Geh:7    | Identified the Grimoire of Blistering Good Luck
106017 | Geh:7    | Identified the Almanac of Flight
106021 | Geh:7    | Got a brightly glowing tin ring
106022 | Geh:7    | Identified the ring "Mecw" {Ice Int+7} (You found it on level 7 of Gehenna)
106279 | Tar:1    | Entered Level 1 of Tartarus
107759 | Tar:7    | Entered Level 7 of Tartarus
107904 | Tar:7    | Noticed an ancient lich
107925 | Tar:7    | Killed an ancient lich
108354 | Tar:7    | Got a pitted jade ring
108355 | Tar:7    | Identified the ring "Ipian" {Wiz Int+6} (You found it on level 7 of Tartarus)
108402 | Tar:7    | Gained mutation: Armour fits poorly on your strangely shaped body. [mutagenic glow]
108404 | Tar:7    | Learned a level 8 spell: Controlled Blink
108679 | Tar:7    | Noticed Ereshkigal
109099 | Tar:7    | Got a bone rune of Zot
109175 | Tar:7    | Killed Ereshkigal
109350 | Coc:1    | Entered Level 1 of Cocytus
110413 | Coc:7    | Entered Level 7 of Cocytus
111060 | Coc:7    | Got a twitching wooden ring
111061 | Coc:7    | Identified the ring of the Eight Stars {Ice +Inv rPois Dex+3} (You found it on level 7 of Cocytus)
111429 | Coc:7    | Noticed Antaeus
111441 | Coc:7    | Got an icy rune of Zot
111615 | Zig:1    | Entered Level 1 of a ziggurat
111634 | Zig:2    | Entered Level 2 of a ziggurat
111658 | Zig:3    | Entered Level 3 of a ziggurat
111688 | Zig:3    | Got a polished glaive
111690 | Zig:3    | Identified the +6 glaive of Xonat {antimagic, Dex+3} (You found it on level 3 of a ziggurat)
111696 | Zig:4    | Entered Level 4 of a ziggurat
111702 | Zig:4    | Reached skill level 27 in Spellcasting
111748 | Zig:5    | Entered Level 5 of a ziggurat
111798 | Zig:6    | Entered Level 6 of a ziggurat
111897 | Zig:6    | Got a transparent platinum ring
111918 | Zig:6    | Identified the ring "Regiacej" {SustAt +Inv rF- Str+4 Slay+2} (You found it on level 6 of a ziggurat)
111923 | Zig:7    | Entered Level 7 of a ziggurat
112214 | Zig:8    | Entered Level 8 of a ziggurat
112248 | Zig:8    | Got a polished ring mail
112249 | Zig:8    | Identified the cursed +0 ring mail of the Leaf {rPois} (You found it on level 8 of a ziggurat)
112253 | Zig:9    | Entered Level 9 of a ziggurat
112352 | Zig:9    | Lost mutation: Armour fits poorly on your strangely shaped body. [potion of cure mutation]
112364 | Zig:10   | Entered Level 10 of a ziggurat
112528 | Zig:10   | Got a fine silver ring
112529 | Zig:10   | Identified the ring of Lufeky {Ice Int+2} (You found it on level 10 of a ziggurat)
112532 | Zig:10   | Identified the Almanac of the Snowflakes
112535 | Zig:10   | Got a smoking amber ring
112536 | Zig:10   | Identified the ring "Eduuczuw" {rPois SInv} (You found it on level 10 of a ziggurat)
112542 | Zig:11   | Entered Level 11 of a ziggurat
112875 | Zig:11   | Got a slimy ivory ring
112876 | Zig:11   | Identified the ring "Miothrue" {*Contam rElec rC+ MR++ Dex+3} (You found it on level 11 of a ziggurat)
113247 | Tomb:1   | Entered Level 1 of the Tomb of the Ancients
113347 | Tomb:1   | Got a coiled jade ring
113829 | Tomb:1   | Noticed an ancient lich
113846 | Tomb:1   | Killed an ancient lich
114119 | Tomb:1   | Reached skill level 10 in Translocations
115370 | Tomb:3   | Entered Level 3 of the Tomb of the Ancients
116065 | Tomb:3   | Got a golden rune of Zot
116427 | Tomb:3   | Identified the ring "Numn" {rC+++ Str+3 Int-5 Dex-4 Slay+1} (You found it on level 1 of the Tomb of the Ancients)
116434 | Tomb:3   | Got a scintillating marble ring
116435 | Tomb:3   | Identified the ring of Mirth {Int+2 Dex+3 SInv} (You found it on level 3 of the Tomb of the Ancients)
116439 | Tomb:3   | Identified the Tome of Unholy Magic and the Entourage
116442 | Tomb:3   | Got an ancient glass ring
116443 | Tomb:3   | Identified the ring of Lady Luck {SustAt Str+2} (You found it on level 3 of the Tomb of the Ancients)
117058 | Zot:5    | Noticed an ancient lich
117073 | Zot:5    | Killed an ancient lich
117165 | Zot:5    | Got the Orb of Zot
117226 | Zot:5    | Noticed an ancient lich
117899 | D:1      | Noticed Mageac the pandemonium lord
117911 | D:1      | Killed Mageac the pandemonium lord
117922 | D:$      | Escaped with the Orb!

Action                   |  1- 3 |  4- 6 |  7- 9 | 10-12 | 13-15 | 16-18 | 19-21 | 22-24 | 25-27 || total
-------------------------+-------+-------+-------+-------+-------+-------+-------+-------+-------++-------
Melee: Trident           |    59 |    43 |   193 |   756 |  1462 |  2098 |  2029 |  2138 |       ||  8778
       Halberd           |    69 |    88 |       |       |       |       |       |       |       ||   157
       Demon trident     |       |       |       |       |       |       |       |   344 | 17444 || 17788
Throw: Throwing net      |       |     1 |     2 |     5 |     1 |       |       |       |       ||     9
       Javelin           |       |       |       |     1 |       |       |       |       |    18 ||    19
 Cast: Regeneration      |       |       |       |       |       |       |       |       |   312 ||   312
       Shroud of Golubri |       |       |       |       |       |       |       |       |   261 ||   261
       Spectral Weapon   |       |       |       |       |       |       |       |       |    28 ||    28
       Phase Shift       |       |       |       |       |       |       |       |       |    19 ||    19
       Necromutation     |       |       |       |       |       |       |       |       |    18 ||    18
       Swiftness         |       |       |       |       |       |       |       |       |     4 ||     4
       Apportation       |       |       |       |       |       |       |       |       |     1 ||     1
Invok: Upheaval          |       |       |       |       |     6 |       |     2 |    42 |   101 ||   151
       Disaster Area     |       |       |       |       |     6 |     4 |     7 |     3 |    71 ||    91
 Abil: End Transformatio |       |       |       |       |       |       |       |       |     7 ||     7
Evoke: Wand              |       |       |       |       |     3 |       |     3 |     1 |    54 ||    61
  Use: Scroll            |       |     9 |     4 |     8 |    12 |    13 |     8 |    19 |   131 ||   204
       Potion            |       |     3 |     5 |     6 |     6 |     6 |     2 |     4 |    96 ||   128
 Stab: Held in net/web   |       |     1 |       |     1 |       |       |       |       |       ||     2
       Sleeping          |       |     1 |       |       |       |       |       |       |       ||     1
       Distracted        |       |       |     1 |       |       |       |       |     1 |    21 ||    23
       Confused          |       |       |       |       |       |     2 |       |       |     2 ||     4
       Paralysed         |       |       |       |       |       |     1 |       |       |     4 ||     5
       Petrifying        |       |       |       |       |       |       |       |     1 |     1 ||     2
       Invisible         |       |       |       |       |       |       |       |       |     8 ||     8
  Eat: Chunk             |     2 |     1 |     4 |    18 |    30 |    12 |     5 |     9 |    26 ||   107
       Bread ration      |       |     1 |     1 |       |       |       |       |       |    24 ||    26
       Pizza             |       |       |       |     1 |       |    10 |     5 |     2 |    13 ||    31
       Fruit             |       |       |       |     4 |     8 |    23 |     2 |    11 |    55 ||   103
       Beef jerky        |       |       |       |       |       |       |     3 |     1 |    11 ||    15
       Royal jelly       |       |       |       |       |       |       |     3 |     6 |    19 ||    28
       Meat ration       |       |       |       |       |       |       |       |     2 |    16 ||    18
